Map: Romanticide LE

Players

Massa

  • Race: Terran Terran
  • League: Platinum
  • Spawn Location: 5:00

maik - Winner!

  • Race: Zerg Zerg
  • League: Diamond
  • Spawn Location: 11:00

VOD

Have the link to the VOD?

Description

Time

  • Played on: Feb. 13, 2021, 1:50 p.m.
  • Length: 24:50
Show
View Real Time Build Order
Export as new Build Order

Massa Terran 

Build Orders: Hellion Banshee 

Get SALT Encoding   

  12  0:00  SCV  
  13  0:12  SCV  
  14  0:18  Supply Depot  
  14  0:24  SCV  
  15  0:39  SCV  
  15  0:41  Barracks  
  16  0:46  Refinery  
  16  0:51  SCV  
  17  1:03  SCV  
  18  1:15  SCV  
  19  1:28  Orbital Command  
  19  1:42  Command Center  
  19  1:52  Barracks Reactor  
  19  1:57  SCV  
  20  2:03  Supply Depot  
  20  2:22  SCV  
  21  2:25  Factory  
  21  2:29  Marine x2  
  22  2:34  SCV  
  23  2:41  Supply Depot  
  23  2:46  SCV  
  23  2:47  Marine x2  
  26  3:01  Orbital Command  
  26  3:02  SCV  
  26  3:05  Marine x2  
  29  3:16  Starport  
  29  3:42  Hellion x2  
  33  3:49  SCV x2  
  33  3:54  Starport Tech Lab, Supply Depot  
  33  3:55  Barracks Tech Lab  
  35  4:01  Refinery, SCV  
  36  4:06  Barracks  
  36  4:07  Hellion  
  36  4:09  Command Center  
  38  4:10  Barracks  
  38  4:13  Hellion  
  30  4:47  Hellion  
  30  4:48  Banshee, Hellion  
  30  4:49  Cloaking Field  
  30  4:50  SCV  
  30  4:51  SCV  
  39  4:54  Stimpack  
  39  4:57  Marine  
  40  5:01  Barracks Tech Lab  
  40  5:03  SCV x2  
  40  5:06  Supply Depot  
  38  5:15  SCV, Marine  
  38  5:16  Hellion  
  38  5:17  Hellion  
  42  5:32  Banshee  
  42  5:33  SCV x2, Marine  
  42  5:34  SCV  
  49  5:45  SCV  
  50  5:50  Hellion x2, Marine  
  53  5:59  SCV x3  
  56  6:08  Marine  
  56  6:09  Refinery  
  56  6:10  Barracks Reactor  
  58  6:11  SCV x3, Marauder  
  58  6:13  Hellion  
  58  6:14  Hellion  
  64  6:20  Factory  
  64  6:23  SCV  
  61  6:26  Marine  
  61  6:29  Engineering Bay  
  61  6:31  Medivac  
  66  6:32  Marauder  
  66  6:38  Armory  
  66  6:40  Refinery  
  66  6:43  SCV x3  
  67  6:55  SCV x3  
  70  7:20  Marine  
  70  7:21  Marauder x2, Marine  
  76  7:38  Marine x2  
  76  7:41  Marine  
  76  7:42  Marauder  
  81  7:46  Widow Mine x2  
  85  7:55  Factory Tech Lab, Barracks x3  
  85  8:03  Missile Turret, Supply Depot  
  85  8:05  Supply Depot  
  85  8:06  Supply Depot, Terran Vehicle Weapons Level 1  
  85  8:07  Terran Infantry Armor Level 1, Supply Depot  
  85  8:18  Widow Mine  
  85  8:19  Marine  
  84  8:23  Marine  
  84  8:25  Widow Mine, Marauder x2, Medivac  
  93  8:28  Drilling Claws  
  93  8:29  Siege Tank  
  96  8:36  Marine  
  96  8:39  Widow Mine  
  96  8:40  Missile Turret  
  99  8:41  Marine  
  99  8:45  Sensor Tower  
  99  8:47  Widow Mine, Marauder x2  
  106  8:52  SCV x2  
  106  8:55  Medivac  
  110  9:01  Widow Mine  
  110  9:02  Planetary Fortress, Missile Turret  
  112  9:04  SCV x2  
  112  9:08  Widow Mine  
  116  9:16  SCV  
  116  9:17  Missile Turret  
  117  9:37  SCV x2  
  117  9:42  Supply Depot  
  117  9:43  Supply Depot x3  
  117  9:45  Supply Depot  
  117  9:48  Barracks Reactor, Barracks Tech Lab, Missile Turret x2  
  117  9:50  Engineering Bay, Missile Turret  
  117  9:51  Marine x2  
  117  9:57  Smart Servos  
  117  9:59  Combat Shield  
  117  10:01  Concussive Shells  
  117  10:03  Marine  
  117  10:04  Widow Mine, Marine x2, Siege Tank  
  117  10:05  Widow Mine  
  127  10:09  Marauder  
  127  10:10  Medivac  
  131  10:18  SCV x3  
  134  10:21  Marine x2  
  134  10:22  Sensor Tower  
  134  10:25  Widow Mine  
  138  10:30  SCV x2  
  138  10:32  Widow Mine  
  142  10:36  Siege Tank  
  142  10:41  Refinery  
  145  10:44  Command Center  
  145  10:46  Terran Infantry Armor Level 2, Terran Infantry Weapons Level 1  
  145  10:47  Refinery, Widow Mine  
  147  10:52  Marauder x2, Marine x3  
  147  10:53  Marauder, Marine  
  157  11:55  Widow Mine x2, Marauder, Siege Tank  
  147  12:05  Marine x2  
  147  12:06  Marauder x2, Marine x2  
  128  12:17  Widow Mine  
  109  12:26  Marauder  
  109  12:27  Marauder x2, Siege Tank  
  113  12:30  Medivac  
  113  12:32  Widow Mine  
  115  12:38  Widow Mine  
  117  12:54  Widow Mine  
  119  13:00  Widow Mine, Medivac  
  119  13:02  Terran Infantry Weapons Level 2  
  123  13:08  SCV x2  
  123  13:09  SCV  
  126  13:15  Widow Mine  
  128  13:20  SCV  
  128  13:21  Widow Mine, SCV x2  
  128  13:23  Marauder x3, Marine  
  128  13:24  Barracks Tech Lab, Marine x3  
  128  13:27  Planetary Fortress  
  143  13:30  Siege Tank  
  146  13:35  Terran Vehicle Weapons Level 2, Terran Infantry Armor Level 3  
  146  13:36  Widow Mine  
  146  13:41  Marine  
  148  13:42  Widow Mine, Marine x3  
  148  13:44  Marauder x3  
  160  14:02  Siege Tank  
  162  14:05  Marauder x2  
  157  14:18  Command Center  
  157  14:49  SCV  
  157  14:50  SCV x2  
  114  14:57  Marine  
  114  14:58  Marauder x3, Marine x4  
  105  15:01  SCV  
  105  15:02  SCV  
  100  15:09  SCV  
  100  15:13  SCV  
  102  15:14  SCV  
  102  15:15  Marine  
  102  15:16  Marine x4  
  102  15:18  Marine  
  102  15:19  Marine x2, Missile Turret x2  
  109  15:21  SCV  
  109  15:26  SCV x2  
  112  15:33  SCV  
  112  15:35  Marauder, Marine x4, Command Center  
  118  15:36  Marine  
  118  15:37  Marauder, Marine  
  118  15:38  SCV, Missile Turret  
  118  15:40  Missile Turret, Supply Depot  
  124  15:45  Unknown  
  124  15:54  Marine x4  
  124  15:55  Marauder x2  
  124  15:56  Terran Infantry Weapons Level 3, Marauder  
  134  15:57  Command Center  
  134  15:58  Marauder, Terran Vehicle And Ship Armor Level 1  
  134  16:03  Supply Depot  
  136  16:09  Widow Mine x2, Siege Tank  
  143  16:16  Marauder x2, Planetary Fortress  
  147  16:26  Supply Depot  
  147  16:29  Medivac  
  147  16:31  Widow Mine x2  
  153  16:34  Hi-Sec Auto Tracking  
  153  16:44  Factory  
  153  16:50  Supply Depot  
  153  16:59  Medivac  
  155  17:08  Missile Turret  
  155  17:27  Planetary Fortress  
  155  17:29  Missile Turret, Medivac  
  157  17:31  SCV x5  
  162  18:05  Factory Reactor, Siege Tank  
  165  18:06  Widow Mine x2  
  107  18:28  Widow Mine  
  107  18:29  Marauder  
  107  18:30  Marauder x3, Marine x3  
  107  18:31  Marine  
  107  18:33  Neosteel Armor  
  99  18:48  Marine x4  
  99  18:51  Marauder x4  
  111  19:02  Siege Tank  
  105  19:03  Widow Mine x4  
  105  19:06  Marine  
  114  19:12  Marauder x2  
  114  19:13  Marauder x2  
  114  19:16  Planetary Fortress  
  122  19:21  SCV x4  
  126  19:24  Widow Mine  
  126  19:25  Widow Mine x3, Command Center  
  126  19:26  Marine  
  126  19:27  Marine x3  
  138  19:33  SCV x2  
  138  19:34  Marauder x4, Siege Tank  
  151  19:40  Terran Vehicle And Ship Armor Level 2  
  151  19:41  Refinery  
  151  19:42  Barracks  
  151  19:43  Refinery  
  151  19:46  Widow Mine x3, Barracks  
  148  19:55  Marauder x4  
  135  20:06  Marine, Siege Tank  
  139  20:07  Marine x3  
  139  20:10  Command Center  
  142  20:16  Marauder  
  142  20:17  Marauder x3, Sensor Tower  
  150  20:22  Supply Depot x2  
  150  20:23  Supply Depot  
  150  20:25  Supply Depot  
  150  20:27  Medivac  
  152  20:29  Marine x2  
  152  20:32  Widow Mine x4  
  162  20:38  Marauder x4  
  162  20:39  Siege Tank  
  165  20:53  Widow Mine  
  165  20:54  Widow Mine x2  
  171  20:57  Medivac  
  171  20:59  Marauder x2  
  177  21:05  Supply Depot x2  
  177  21:06  Supply Depot  
  177  21:10  Supply Depot  
  177  21:27  Medivac  
  177  21:28  Supply Depot  
  105  21:41  Marauder x3  
  105  21:42  Marauder, Marine x3  
  105  21:43  Widow Mine, Siege Tank  
  105  21:44  Widow Mine x2  
  92  21:57  Medivac  
  94  22:03  Marauder x2  
  94  22:06  Marauder x2  
  94  22:07  Marine x4  
  105  22:09  Widow Mine  
  105  22:11  SCV  
  105  22:15  Siege Tank  
  111  22:24  Marauder x2  
  111  22:27  Marauder, Medivac  
  111  22:28  Marauder  
  121  22:44  Marine  
  121  22:45  Marauder, Marine x3  
  121  22:46  Marauder  
  121  22:49  Marauder x2  
  133  23:02  Marine  
  100  23:22  Marauder x4, Marine x4  
  100  23:23  Siege Tank  
  100  23:24  Widow Mine x4  
  112  23:41  Viking  
  112  23:43  Marauder  
  112  23:45  Widow Mine  
  112  23:46  Planetary Fortress  
  114  23:49  SCV x4  
  114  23:55  Siege Tank  
  121  24:01  Widow Mine x3, SCV x2  
  123  24:11  Viking  
Show
View Real Time Build Order
Export as new Build Order

maik Zerg - Winner!

Build Orders: Hatch First, Muta Ling Bane 

Get SALT Encoding   

  12  0:00  Drone  
  13  0:13  Overlord  
  13  0:17  Drone  
  14  0:31  Drone x2  
  16  0:49  Hatchery  
  15  0:52  Drone  
  15  0:55  Drone  
  17  1:00  Drone  
  18  1:10  Extractor  
  17  1:15  Spawning Pool  
  17  1:17  Drone  
  17  1:22  Drone  
  18  1:29  Drone  
  19  1:42  Drone  
  20  1:51  Overlord  
  20  2:02  Queen  
  20  2:03  Queen  
  20  2:04  Zergling x4  
  26  2:11  Drone x2  
  28  2:24  Drone  
  28  2:25  Drone  
  30  2:37  Drone x2, Hatchery  
  30  2:44  Queen  
  31  2:48  Overlord  
  31  2:51  Drone  
  34  2:58  Drone x2  
  34  2:59  Metabolic Boost  
  36  3:08  Drone  
  36  3:09  Drone  
  38  3:16  Drone x4  
  38  3:17  Drone x2  
  44  3:29  Overlord  
  44  3:37  Overlord  
  44  3:48  Queen  
  44  3:50  Drone x4  
  44  3:52  Overlord x3  
  44  3:53  Overlord  
  50  4:01  Queen  
  52  4:11  Drone  
  52  4:12  Drone x5  
  58  4:21  Zergling x2  
  58  4:22  Zergling x6  
  60  4:25  Zergling x2  
  60  4:26  Zergling x10  
  64  4:32  Zergling x4  
  66  4:43  Drone x2  
  66  4:48  Drone x2  
  66  4:52  Spore Crawler  
  67  4:59  Lair  
  66  5:15  Drone x3  
  66  5:16  Drone x7  
  66  5:18  Extractor  
  66  5:20  Extractor  
  74  5:24  Spore Crawler  
  74  5:26  Spore Crawler  
  72  5:31  Overlord, Baneling Nest  
  72  5:32  Evolution Chamber, Overlord  
  72  5:33  Drone x8  
  78  5:48  Extractor  
  77  5:56  Extractor  
  73  6:05  Extractor  
  72  6:22  Centrifical Hooks  
  72  6:24  Zerg Melee Weapons Level 1  
  72  6:32  Overseer x2  
  72  6:50  Spire  
  66  7:18  Zergling x2  
  66  7:19  Zergling x42  
  66  7:20  Zergling x12  
  94  7:29  Evolution Chamber  
  93  7:36  Queen  
  95  7:37  Queen  
  97  7:57  Overlord x3  
  97  8:03  Mutalisk  
  97  8:04  Hatchery, Mutalisk x4  
  106  8:10  Overlord x5  
  106  8:11  Overlord x3  
  85  8:32  Zerg Melee Weapons Level 2  
  85  8:33  Zerg Ground Armor Level 1  
  85  8:36  Mutalisk x2  
  89  8:50  Drone x2  
  89  8:51  Drone x11  
  102  9:01  Zerg Flyer Weapons Level 1  
  102  9:10  Baneling x5  
  102  9:11  Baneling x8  
  102  9:31  Mutalisk  
  102  9:32  Mutalisk x2  
  108  9:38  Extractor  
  108  9:40  Extractor  
  106  9:59  Mutalisk x3  
  108  10:06  Drone x2  
  108  10:07  Drone x21  
  135  10:27  Overseer x2  
  133  10:28  Overseer  
  133  10:44  Zerg Ground Armor Level 2  
  133  10:55  Spine Crawler  
  133  10:56  Spore Crawler  
  131  10:57  Spine Crawler x2  
  131  11:00  Spine Crawler  
  131  11:02  Spine Crawler  
  127  11:11  Zerg Flyer Weapons Level 2  
  127  11:12  Infestation Pit  
  127  11:18  Zergling x2  
  125  11:19  Zergling x12  
  125  11:28  Zergling x20  
  125  11:29  Zergling x16  
  125  11:30  Baneling x2  
  125  11:31  Baneling x12  
  143  11:35  Zergling x2  
  143  11:36  Zergling x10  
  149  11:45  Zergling x2  
  149  11:46  Zergling x16  
  154  11:48  Baneling x3  
  154  11:49  Baneling x5  
  154  11:50  Baneling x5  
  154  11:54  Zergling x4  
  125  12:13  Zergling x10  
  125  12:14  Zergling x26  
  142  12:21  Zergling x2  
  121  12:43  Hive  
  121  12:58  Queen  
  121  12:59  Queen  
  125  13:07  Hatchery  
  125  13:08  Baneling  
  125  13:09  Baneling x17  
  125  13:10  Hatchery, Baneling x7  
  123  13:16  Zergling x2  
  123  13:17  Zergling x46  
  147  13:36  Mutalisk  
  147  13:37  Mutalisk x10  
  148  14:11  Zergling x2  
  148  14:16  Baneling  
  149  14:17  Baneling x13  
  149  14:18  Baneling x22  
  149  14:33  Drone x3  
  149  14:34  Ultralisk Cavern  
  106  14:56  Zergling x12  
  106  14:57  Zergling x40  
  121  15:07  Mutalisk x9  
  139  15:17  Unknown  
  138  15:26  Zerg Melee Weapons Level 3  
  138  15:27  Zerg Ground Armor Level 3  
  138  15:30  Anabolic Synthesis  
  138  15:31  Extractor  
  138  15:35  Extractor  
  136  15:39  Adrenal Glands  
  136  16:07  Baneling  
  136  16:08  Baneling x22  
  136  16:11  Overseer x3  
  136  16:12  Overlord  
  136  16:13  Overlord x14  
  136  16:21  Ultralisk  
  142  16:44  Ultralisk x3  
  142  16:46  Zergling x26  
  142  16:47  Zergling x24  
  185  17:05  Drone x2  
  185  17:06  Drone x7  
  185  17:07  Drone  
  195  17:21  Baneling  
  195  17:22  Baneling x16  
  195  17:23  Baneling x6  
  195  17:39  Greater Spire  
  195  17:47  Zergling x10  
  200  17:58  Hatchery  
  157  18:18  Zergling x2  
  157  18:19  Zergling x6  
  154  18:20  Ultralisk x3  
  154  18:21  Ultralisk x4  
  182  18:40  Zergling x2  
  170  18:41  Zergling x22  
  178  18:49  Zergling x10  
  178  18:50  Zergling x20  
  183  19:07  Baneling x4  
  183  19:08  Baneling x19  
  183  19:09  Baneling x2  
  183  19:44  Ultralisk x2  
  188  19:54  Extractor  
  188  19:55  Extractor  
  173  20:01  Zergling x22  
  173  20:02  Zergling x22  
  195  20:26  Spine Crawler  
  194  20:28  Spine Crawler  
  194  20:35  Zerg Flyer Weapons Level 3  
  164  20:50  Zergling x26  
  164  20:51  Zergling x46  
  164  20:53  Baneling x2  
  164  20:54  Baneling x13  
  200  21:15  Baneling x3  
  200  21:16  Baneling x3  
  198  21:28  Zergling x2  
  198  21:29  Zergling x26  
  198  21:30  Zergling x26  
  187  21:37  Zergling x2  
  187  21:38  Zergling x14  
  144  21:53  Corruptor  
  144  21:54  Corruptor x13  
  165  22:34  Brood Lord  
  165  22:35  Brood Lord x13  
  193  22:37  Baneling x4  
  193  22:38  Hatchery, Baneling x12  
  193  22:40  Zergling x2  
  193  22:41  Zergling x12  
  199  23:12  Zergling x2  
  186  23:13  Zergling x26  
  186  23:14  Zergling x28  
  186  23:15  Zergling x10  
  186  23:18  Zergling x16  
  193  23:25  Zergling x2  
  191  23:45  Ultralisk  
  197  23:55  Baneling x9  
  197  23:56  Baneling x17  
  197  24:09  Zergling x4  
  198  24:41  Extractor  
  198  24:42  Extractor  
Tags
 
Add a new tag
Caveats
  • Supply blocks, unpowered buildings, or Contaminate may cause inaccurate times.
  • Supply counts are checked every 10 seconds.